 Dungeon Crawl Stone Soup version 0.30-b1-2-g02819fbbbe (webtiles) character file.

Game seed: 5752039943014443789

0 Goblin1989 the Sneak (level 1, 0/18 HPs)
             Began as a Demonspawn Delver on May 7, 2023.
             Slain by an orc
             ... wielding a +0 hand axe
              (2 damage)
             ... on level 3 of the Dungeon.
             The game lasted 00:02:07 (166 turns).

Goblin1989 the Sneak (Demonspawn Delver)             Turns: 166, Time: 00:02:08

Health: 0/18       AC:  3    Str: 12    XL:     1   Next: 8%
Magic:  1/1        EV: 11    Int: 11    God:
Gold:   31         SH:  0    Dex: 14    Spells: 0/0 levels left

rFire   . . .        a - +0 short sword
rCold   . . .        (no shield)
rNeg    . . .        b - +0 leather armour
rPois   .            (no helmet)
rElec   .            (no cloak)
rCorr   .            (no gloves)
SInv    .            (no boots)
Will    .....        (no amulet)
Stlth   ++           (no ring)
HPRegen 0.23/turn    (no ring)
MPRegen 0.07/turn

%: no passive effects
@: no status effects
A: no striking features
a: no special abilities


You were on level 3 of the Dungeon.
You visited 1 branch of the dungeon, and saw 3 of its levels.

You collected 31 gold pieces.

Inventory:

Hand Weapons
 a - a +0 short sword (weapon)
Armour
 b - a +0 leather armour (worn)
Wands
 g - a wand of digging (3)
Scrolls
 c - a scroll of fog
 d - 2 scrolls of magic mapping
 e - a scroll of fear
Potions
 f - a potion of haste
 h - a potion of mutation {unknown}


   Skills:
 - Level 3.0 Fighting
 + Level 1.8 Short Blades
 - Level 1.7 Dodging
 - Level 4.5 Stealth


You couldn't memorise any spells.
You didn't know any spells.
Your spell library was empty.

Dungeon Overview and Level Annotations

Branches:
Dungeon (5/15)
 Temple: D:4-7

Altars:

Shops:
D:5 :


Message History

A rat comes into view.
Found 4 gold pieces.
An orc comes into view. It is wielding a +0 hand axe.
A kobold comes into view. It is wielding a +0 short sword.
The helpless rat fails to defend itself.
You puncture the rat!
You kill the rat!
Unknown command.
An orc comes into view.
It is wielding a +2 short sword of draining.
Found a stone staircase leading up.
The orc shouts!
You hear a shout!
The orc closely misses you.
You closely miss the orc. The orc hits you with a +0 hand axe.
You barely miss the orc. The orc hits you but does no damage.
You hit the orc but do no damage. The orc hits you with a +0 hand axe.
You barely miss the orc. The orc hits you with a +0 hand axe.
You are too injured to fight recklessly!
You are too injured to fight recklessly!
You are too injured to fight recklessly!
You are too injured to fight recklessly!
You are too injured to fight recklessly!
You are too injured to fight recklessly!
You are too injured to fight recklessly!
You are too injured to fight recklessly!
You are too injured to fight recklessly!
You are too injured to fight recklessly!
You are too injured to fight recklessly!
You are too injured to fight recklessly!
You are too injured to fight recklessly!
You hit the orc but do no damage. The orc hits you with a +0 hand axe.
* * * LOW HITPOINT WARNING * * *
You hit the orc but do no damage. The orc hits you but does no damage.
You hit the orc.
The orc is heavily wounded.
The orc hits you with a +0 hand axe.
* * * LOW HITPOINT WARNING * * *
You hit the orc but do no damage.
The orc is heavily wounded.
The orc hits you with a +0 hand axe.
You die...

.$....# #.##
#.#.#.##...##
#.#.#.#.....#
#.#.#..†.....
#######.#..........
#.####.......K..........
...[...K.....#####.....#
#.#####o###### ##...##
#@# #.## #.#####.## .#
#........##### .#
######.......# #.#.###.#
##'### ##...## ##.....##
##.#...#.##


You could see an orc and a kobold.

Vanquished Creatures
  A rat (D:3)
1 creature vanquished.

Notes
Turn   | Place    | Note
-------+----------+-------------------------------------------
     0 | D:5      | Goblin1989 the Demonspawn Delver began the quest for the
                  | Orb.
     0 | D:5      | Reached XP level 1. HP: 18/18 MP: 1/1
     1 | D:5      | Found Toir's Self-Improvement Boutique.
    22 | D:5      | Noticed a hound
    24 | D:5      | Noticed an orc priest
    71 | D:4      | Noticed an iguana
    76 | D:4      | Noticed an iguana
   166 | D:3      | Slain by an orc

Illustrated notes

Levels and vault maps discovered:
D:3:      layout_loops_ring, jmf_multi_god_temple2, minmay_stone_trees_small,
          dk_noncrumbling_3
D:4:      layout_gridville, zin_treasury, gammafunk_ghost_cemetery,
          cheibrodos_sewer_entry_drain, st_stairs_13, minivault_23
D:5:      minmay_angry_zag, layout_loops_ring, nicolae_shop_self_help

Action                     || total
---------------------------++-------
  Melee: Short sword       ||     9
   Stab: Sleeping          ||     1
 Armour: Leather armour    ||     2
  Dodge: Dodged            ||     1
